 Dungeon Crawl Stone Soup version 0.27-a0-1188-g73eefd5def (webtiles) character file.

Game seed: 4900239184732580867

188 Hasart the Chopper (level 5, -1/46 HPs)
             Began as a Demigod Fighter on May 20, 2021.
             Slain by a gnoll sergeant
             ... wielding a +1 spear of venom
              (7 damage)
             ... on level 3 of the Dungeon.
             The game lasted 00:05:09 (3231 turns).

Hasart the Chopper (Demigod Fighter)                Turns: 3231, Time: 00:05:11

Health: -1/46      AC:  8    Str: 21    XL:     5   Next: 16%
Magic:  7/7        EV:  7    Int: 10    God:
Gold:   137        SH:  9    Dex: 13    Spells: 4/4 levels left

rFire    + . .     SeeInvis .   a - +0 war axe
rCold    + . .     Faith    .   c - +0 kite shield
rNeg     + . .     Spirit   .   f - +2 scale mail {rN+}
rPois    +         Reflect  .   (helmet restricted)
rElec    +         Harm     .   (no cloak)
rCorr    +         Rampage  .   (no gloves)
Will     .....                  (no boots)
Stlth    ..........             (no amulet)
HPRegen  0.15/turn              (no ring)
MPRegen  0.10/turn              (no ring)

@: lethally poisoned (-1 -> -10), resistant
A: high mp 1, forlorn, horns 1, talons 1, deterioration 1
a: no special abilities


You were on level 3 of the Dungeon.
You visited 1 branch of the dungeon, and saw 3 of its levels.

You collected 137 gold pieces.

Inventory:

Hand Weapons
 a - a +0 war axe (weapon)
 k - a +2 vorpal flail
Armour
 c - a +0 kite shield (worn)
 f - a +2 scale mail of positive energy (worn)
Scrolls
 b - a scroll of teleportation {unknown}
 g - a scroll of enchant armour {unknown}
 i - a scroll of blinking {unknown}
 j - a scroll of torment {unknown}
Potions
 d - a potion of might


   Skills:
 + Level 3.9 Fighting
 * Level 4.3 Axes
 - Level 2.6 Armour
 - Level 2.6 Shields


You had 4 spell levels left.
You didn't know any spells.
Your spell library contained the following spells:

 Spells                   Type           Power      Damage    Failure   Level
 Animate Skeleton         Necr           0%         N/A       99%         1
 Pain                     Necr           0%         1d4       99%         1
 Vampiric Draining        Necr           0%         2d6       100%        3
 Animate Dead             Necr           0%         N/A       100%        4
 Agony                    Necr           0%         N/A       100%        5


Dungeon Overview and Level Annotations

Branches:
Dungeon (3/15)

Annotations:
D:3 Grinder


Innate Abilities, Weirdness & Mutations

Your attributes grow dramatically as you level up.
You have an increased reservoir of magic. (+10% MP)
You shall have no god before yourself.
You have a pair of small horns on your head.
You have sharp toenails.
Your body sometimes deteriorates upon taking damage.


Message History

You start resting.
HP restored.
You climb downwards.
Level annotation: Grinder
There is a stone staircase leading up here.
The gnoll sergeant hits you from afar with a +1 spear of venom.
You are poisoned.
You feel sick. The gnoll sergeant barely misses you.
Things that are here:
a +0 spear; a gnoll skeleton You hit the gnoll sergeant but do no damage.
You feel very sick.
The gnoll sergeant hits you with a +1 spear of venom!
You are more poisoned.
You hit the gnoll sergeant.
The gnoll sergeant is lightly wounded.
You feel extremely sick.
The gnoll sergeant hits you but does no damage.
You are lethally poisoned!
The gnoll sergeant closely misses you.
You barely miss the gnoll sergeant.
The gnoll sergeant is lightly wounded.
* * * LOW HITPOINT WARNING * * *
You feel extremely sick. You block the gnoll sergeant's attack.
Press: ? - help, v - describe, . - travel
Here: a gnoll sergeant, wielding a +1 spear of venom and wearing a +0 ring mail (lightly wounded)
The floor.
It was a potion of resistance.
You feel protected.
* * * LOW HITPOINT WARNING * * *
You feel very sick. You block the gnoll sergeant's attack.
It was a potion of mutation.
You feel extremely strange. A pair of horns grows on your head!
You feel yourself wasting away.
Your toenails lengthen and sharpen.
* * * LOW HITPOINT WARNING * * *
You feel very sick.
The gnoll sergeant hits you with a +1 spear of venom!
You die...

.................
..P.....#..
......o.[).......
....^.....#
#########g#...#..
..........# #)#.#.#
####..#...# #.#.#.#+####
##.#...# #.#.#......#
#.....# ####'#.#<.....#
##....# #.....g##.....#
#....# ##......@......#
#....# #......###.....#
#....# #......###.....#
##...# .##........+.....#
###...# ........##.#.....#
#...>.# ........##.#.....#
#.#.... ........##.#.....##
#.####.
............>.....###'##...
.......................#...


You could see a gnoll sergeant.

Vanquished Creatures
  2 hounds (D:3)
  3 gnolls (D:3)
  4 adders (D:2)
  2 dart slugs (D:2)
  4 orcs
  5 endoplasms
  3 hobgoblins
  12 jackals (D:3)
  A quokka (D:1)
  2 ball pythons
  A bat (D:1)
  2 frilled lizards
  2 goblins
  7 kobolds
  6 rats
56 creatures vanquished.

Vanquished Creatures (others)
  2 fungi (D:3)
  4 plants (D:3)
6 creatures vanquished.

Grand Total: 62 creatures vanquished

Notes
Turn   | Place    | Note
-------+----------+-------------------------------------------
     0 | D:1      | Hasart the Demigod Fighter began the quest for the Orb.
     0 | D:1      | Reached XP level 1. HP: 18/18 MP: 3/3
   310 | D:1      | Reached skill level 2 in Axes
   642 | D:1      | Reached XP level 2. HP: 25/25 MP: 4/4
  1474 | D:2      | Reached XP level 3. HP: 19/31 MP: 5/5
  1631 | D:2      | Reached skill level 3 in Axes
  2304 | D:3      | Noticed Grinder
  2407 | D:3      | Reached XP level 4. HP: 14/39 MP: 6/6
  2418 | D:3      | Reached skill level 4 in Axes
  2732 | D:3      | Reached XP level 5. HP: 24/46 MP: 7/7
  3231 | D:3      | Gained mutation: You have a pair of small horns on your
                  | head. [potion of mutation]
  3231 | D:3      | Gained mutation: Your body sometimes deteriorates upon
                  | taking damage. [potion of mutation]
  3231 | D:3      | Gained mutation: You have sharp toenails. [potion of
                  | mutation]
  3231 | D:3      | Slain by a gnoll sergeant

Illustrated notes

Levels and vault maps discovered:
D:1:      dpeg_arrival_lava_temple_mockup, layout_basic
D:2:      layout_basic, hellmonk_ecumenical_altar_blasted
D:3:      lemuel_castle_with_subvaults [lemuel_castle_interior_carwin_2],
          layout_basic, general_overflow_altar, gammafunk_ghost_mausoleum,
          uniq_sigmund, uniq_grinder

Skill      XL: |  1  2  3  4 |
---------------+-------------+-----
Axes           | 2 3 4 |  4.3
Fighting       | 3 |  3.9
Armour         | |  2.6
Shields        | |  2.6

Action                   |  1- 3 |  4- 6 || total
-------------------------+-------+-------++-------
Melee: War axe           |   113 |    43 ||   156
  Use: Potion            |       |     2 ||     2
Armor: Scale mail        |    56 |    30 ||    86
Dodge: Dodged            |    33 |    26 ||    59
Block: Kite shield       |    62 |    36 ||    98

Table legend: (Time is in decaauts)
 A = Elapsed time spent in this place.
 B = Non-inter-level travel time spent in this place.
 C = Inter-level travel time spent in this place.
 D = Time resting spent in this place.
 E = Time spent auto-exploring this place.
 F = Levels seen in this place.
 G = Mean time per level.
                   A        B        C        D        E       F      G
               +--------+--------+--------+--------+--------+-----+--------+
         Total |   3329 |   3264 |     65 |    620 |   2128 |   3 | 1109.7 |
       Dungeon |   3329 |   3264 |     65 |    620 |   2128 |   3 | 1109.7 |
               +--------+--------+--------+--------+--------+-----+--------+

Top non-repeatable levels by time:
     D:2: 1474 daAuts
     D:1: 1030 daAuts
     D:3: 823 daAuts
